TOP OF THE 1ST |
Santa Monica Bruins batting - Pitching for San Jose Missions : LHP Martín Reyes
|
Pitching: LHP Martín Reyes
|
|
Batting: LHB Gonzalo Benítez
|
0-0: Called Strike 0-1: Swinging Strike 0-2: Ball 1-2: Ball 2-2: Ball 3-2: Strikes out swinging
|
Batting: RHB Javier González
|
0-0: Ball 1-0: SINGLE (Line Drive, 89S)
|
Batting: RHB Luis Martínez
|
0-0: Ball 1-0: Ball 2-0: Ball 3-0: Base on Balls Javier González to second
|
Batting: RHB Pablo Peña
|
0-0: Ball 1-0: Ball 2-0: SINGLE (Flyball, 8RS) Javier González to third Luis Martínez to second
|
Batting: LHB Francisco Marino
|
0-0: Ball 1-0: Foul Ball, location: 2F 1-1: Swinging Strike 1-2: Ball 2-2: Strikes out looking
|
Batting: RHB Armando Colón
|
0-0: Ball 1-0: Called Strike 1-1: Foul Ball, location: 2F 1-2: Fly out, F5 (Line Drive, 5)
|
Top of the 1st over - 0 runs, 2 hits, 0 errors, 3 left on base; Santa Monica 0 - San Jose 0 |
BOTTOM OF THE 1ST |
San Jose Missions batting - Pitching for Santa Monica Bruins : LHP Rafael Alemán
|
Pitching: LHP Rafael Alemán
|
|
Batting: RHB Dan Mason
|
0-0: Ball 1-0: Foul Ball, location: 2F 1-1: Ball 2-1: Ball 3-1: Ball
|
Batting: RHB Jesús Cruz
|
0-0: Ball 1-0: Swinging Strike 1-1: Called Strike 1-2: Foul Ball, location: 2F 1-2: Ball Wild Pitch! Dan Mason to second 2-2: Foul Ball, location: 2F 2-2: SINGLE (Line Drive, 34D) Dan Mason to third
|
Batting: RHB Jorge Díaz
|
0-0: Ball 1-0: Ball 2-0: Called Strike 2-1: SINGLE (Line Drive, 8RS) Dan Mason scores Jesús Cruz to second Runner from 2nd tries for 3rd, SAFE, no throw
|
Batting: SHB Ángel González
|
0-0: Fly out, F8 (Flyball, 8LXD) Runner from 3rd tags up, SCORES, no throw
|
Batting: LHB Chris Moore
|
0-0: Ball 1-0: Swinging Strike 1-1: Ball 2-1: Ball 3-1: Base on Balls Jorge Díaz to second
|
Batting: RHB Jaime Rodríguez
|
0-0: Called Strike 0-1: Ground out 5-3 (Groundball, 56S) Jorge Díaz to third Chris Moore to second
|
Batting: RHB Dave Wookey
|
0-0: Called Strike 0-1: Ball 1-1: Swinging Strike 1-2: SINGLE (Groundball, 56D) Jorge Díaz scores Chris Moore to third Runner from 3rd tries for Home, SAFE, no throw
|
Batting: RHB Chase Mueller
|
0-0: Ball 1-0: Called Strike 1-1: Ball 2-1: SINGLE (Groundball, 34D) Dave Wookey to second Runner from 2nd tries for 3rd, SAFE, no throw
|
Batting: LHB Alberto Gómez
|
0-0: Ball 1-0: Foul Ball, location: 2F 1-1: Called Strike 1-2: Ground out U3 (Groundball, 3)
|
Bottom of the 1st over - 4 runs, 4 hits, 0 errors, 2 left on base; Santa Monica 0 - San Jose 4 |
TOP OF THE 2ND |
Santa Monica Bruins batting - Pitching for San Jose Missions : LHP Martín Reyes
|
Batting: LHB John White
|
0-0: Ball 1-0: Ball 2-0: Called Strike 2-1: Swinging Strike 2-2: Ball 3-2: Strikes out swinging
|
Batting: RHB Ernest Russell
|
0-0: Called Strike 0-1: Called Strike 0-2: Ball 1-2: Strikes out swinging
|
Batting: RHB Ramón Ramírez
|
0-0: Ball 1-0: Swinging Strike 1-1: Called Strike 1-2: Strikes out looking
|
Top of the 2nd over - 0 runs, 0 hits, 0 errors, 0 left on base; Santa Monica 0 - San Jose 4 |
BOTTOM OF THE 2ND |
San Jose Missions batting - Pitching for Santa Monica Bruins : LHP Rafael Alemán
|
Batting: RHB Dan Mason
|
0-0: Ball 1-0: Ball 2-0: Called Strike 2-1: Swinging Strike 2-2: Foul Ball, location: 2F 2-2: Foul Ball, location: 2F 2-2: Strikes out swinging
|
Batting: RHB Jesús Cruz
|
0-0: Swinging Strike 0-1: Foul Ball, location: 2F 0-2: Ball 1-2: Fly out, F7 (Flyball, 78S)
|
Batting: RHB Jorge Díaz
|
0-0: Called Strike 0-1: Ball 1-1: Ground out 6-3 (Groundball, 6)
|
Bottom of the 2nd over - 0 runs, 0 hits, 0 errors, 0 left on base; Santa Monica 0 - San Jose 4 |
TOP OF THE 3RD |
Santa Monica Bruins batting - Pitching for San Jose Missions : LHP Martín Reyes
|
Batting: LHB Gonzalo Benítez
|
0-0: Ball 1-0: Ball 2-0: Foul Ball, location: 2F 2-1: Fly out, F4 (Line Drive, 4)
|
Batting: RHB Javier González
|
0-0: Swinging Strike 0-1: Ground out 5-3 (Groundball, 56)
|
Batting: RHB Luis Martínez
|
0-0: Ball 1-0: Ball 2-0: Foul Ball, location: 2F 2-1: SOLO HOME RUN (Flyball, 7LD), Distance : 351 ft
|
Batting: RHB Pablo Peña
|
0-0: Ball 1-0: Ball 2-0: Called Strike 2-1: Ball 3-1: Called Strike 3-2: Strikes out swinging
|
Top of the 3rd over - 1 run, 1 hit, 0 errors, 0 left on base; Santa Monica 1 - San Jose 4 |
BOTTOM OF THE 3RD |
San Jose Missions batting - Pitching for Santa Monica Bruins : LHP Rafael Alemán
|
Batting: SHB Ángel González
|
0-0: Ball 1-0: Called Strike 1-1: Foul Ball, location: 2F 1-2: Ball 2-2: Ball 3-2: Strikes out swinging
|
Batting: LHB Chris Moore
|
0-0: Called Strike 0-1: Ball 1-1: Swinging Strike 1-2: Ball 2-2: Strikes out swinging
|
Batting: RHB Jaime Rodríguez
|
0-0: Ball 1-0: Foul Ball, location: 2F 1-1: Foul Ball, location: 2F 1-2: Foul Ball, location: 2F 1-2: Fly out, F7 (Flyball, 7S)
|
Bottom of the 3rd over - 0 runs, 0 hits, 0 errors, 0 left on base; Santa Monica 1 - San Jose 4 |
TOP OF THE 4TH |
Santa Monica Bruins batting - Pitching for San Jose Missions : LHP Martín Reyes
|
Batting: LHB Francisco Marino
|
0-0: Ball 1-0: Ground out 4-3 (Groundball, 4)
|
Batting: RHB Armando Colón
|
0-0: Called Strike 0-1: DOUBLE (Line Drive, 9D)
|
Batting: LHB John White
|
0-0: Called Strike 0-1: Ball 1-1: Foul Ball, location: 2F 1-2: Ball 2-2: Ground out 1-3 (Groundball, 13) Armando Colón to third
|
Batting: RHB Ernest Russell
|
0-0: SINGLE (Line Drive, 6M) Armando Colón scores
|
Batting: RHB Ramón Ramírez
|
0-0: Called Strike 0-1: Ball 1-1: Ground out 5-3 (Groundball, 56S)
|
Top of the 4th over - 1 run, 2 hits, 0 errors, 1 left on base; Santa Monica 2 - San Jose 4 |
BOTTOM OF THE 4TH |
San Jose Missions batting - Pitching for Santa Monica Bruins : LHP Rafael Alemán
|
Batting: RHB Dave Wookey
|
0-0: Ball 1-0: Ball 2-0: Called Strike 2-1: Ground out 5-3 (Groundball, 56)
|
Batting: RHB Chase Mueller
|
0-0: Ball 1-0: Ball 2-0: Ground out 3-1 (Groundball, 34S)
|
Batting: LHB Alberto Gómez
|
0-0: Ball 1-0: Ball 2-0: Called Strike 2-1: Foul Ball, location: 2F 2-2: Strikes out swinging
|
Bottom of the 4th over - 0 runs, 0 hits, 0 errors, 0 left on base; Santa Monica 2 - San Jose 4 |
TOP OF THE 5TH |
Santa Monica Bruins batting - Pitching for San Jose Missions : LHP Martín Reyes
|
Batting: LHB Gonzalo Benítez
|
0-0: Ball 1-0: Foul Ball, location: 2F 1-1: Fly out, F7 (Flyball, 78D)
|
Batting: RHB Javier González
|
0-0: SINGLE (Groundball, 56) (infield hit)
|
Batting: RHB Luis Martínez
|
0-0: Ball 1-0: Grounds into double play, 4-6-3 (Groundball, 4M)
|
Top of the 5th over - 0 runs, 1 hit, 0 errors, 0 left on base; Santa Monica 2 - San Jose 4 |
BOTTOM OF THE 5TH |
San Jose Missions batting - Pitching for Santa Monica Bruins : LHP Rafael Alemán
|
Batting: RHB Dan Mason
|
0-0: Ball 1-0: Ball 2-0: Ball 3-0: Base on Balls
|
Batting: RHB Jesús Cruz
|
0-0: Ball 1-0: Called Strike 1-1: Foul Ball, location: 2F 1-2: Foul Ball, location: 2F 1-2: Foul Ball, location: 2F 1-2: Strikes out looking
|
Batting: RHB Jorge Díaz
|
0-0: Swinging Strike 0-1: Foul Ball, location: 2F 0-2: Foul Ball, location: 2F 0-2: Ball 1-2: Ball 2-2: Foul Ball, location: 2F 2-2: Foul Ball, location: 2F 2-2: Ball 3-2: Foul Ball, location: 2F 3-2: Strikes out swinging
|
Batting: SHB Ángel González
|
0-0: Called Strike 0-1: Ball 1-1: Ball 2-1: 2-RUN HOME RUN (Flyball, 7LD), Distance : 451 ft
|
Batting: LHB Chris Moore
|
0-0: Ball 1-0: Foul Ball, location: 2F 1-1: Ball 2-1: Ground out 5-3 (Groundball, 5L)
|
Bottom of the 5th over - 2 runs, 1 hit, 0 errors, 0 left on base; Santa Monica 2 - San Jose 6 |
TOP OF THE 6TH |
Santa Monica Bruins batting - Pitching for San Jose Missions : LHP Martín Reyes
|
Batting: RHB Pablo Peña
|
0-0: Ball 1-0: Called Strike 1-1: Foul Ball, location: 2F 1-2: Foul Ball, location: 2F 1-2: Ball 2-2: Strikes out swinging
|
Batting: LHB Francisco Marino
|
0-0: Ball 1-0: Called Strike 1-1: Swinging Strike 1-2: Strikes out swinging
|
Batting: RHB Armando Colón
|
0-0: Called Strike 0-1: Ball 1-1: Ball 2-1: Ball 3-1: Swinging Strike 3-2: Foul Ball, location: 2F 3-2: Foul Ball, location: 2F 3-2: Base on Balls
|
Batting: LHB John White
|
0-0: Ball 1-0: Called Strike 1-1: Ball 2-1: Ball 3-1: Foul Ball, location: 2F 3-2: SINGLE (Line Drive, 34) Armando Colón to second Armando Colón to third
|
Batting: RHB Ernest Russell
|
0-0: Called Strike 0-1: Ball 1-1: Ball 2-1: SINGLE (Line Drive, 7S) Armando Colón scores John White to second
|
Batting: RHB Ramón Ramírez
|
0-0: Called Strike 0-1: Called Strike 0-2: Ball 1-2: Hit by Pitch John White to third Ernest Russell to second
|
Pitching: RHP Francisco Arellano
|
|
Batting: LHB Gonzalo Benítez
|
0-0: Ground out 4-3 (Groundball, 4)
|
Top of the 6th over - 1 run, 2 hits, 0 errors, 3 left on base; Santa Monica 3 - San Jose 6 |
BOTTOM OF THE 6TH |
San Jose Missions batting - Pitching for Santa Monica Bruins : LHP Rafael Alemán
|
Pitching: RHP Enrique Aguilera
|
|
Batting: RHB Jaime Rodríguez
|
0-0: Fly out, F8 (Flyball, 8LM)
|
Batting: RHB Dave Wookey
|
0-0: Ball 1-0: Called Strike 1-1: Ground out 5-3 (Groundball, 56)
|
Batting: RHB Chase Mueller
|
0-0: Called Strike 0-1: Called Strike 0-2: Strikes out looking
|
Bottom of the 6th over - 0 runs, 0 hits, 0 errors, 0 left on base; Santa Monica 3 - San Jose 6 |
TOP OF THE 7TH |
Santa Monica Bruins batting - Pitching for San Jose Missions : RHP Francisco Arellano
|
Batting: RHB Javier González
|
0-0: Called Strike 0-1: Ball 1-1: Called Strike 1-2: Ball 2-2: Strikes out swinging, 2-3 out at first.
|
Batting: RHB Luis Martínez
|
0-0: Called Strike 0-1: Hit by Pitch
|
Batting: RHB Pablo Peña
|
0-0: Called Strike 0-1: SINGLE (Groundball, 6D) Luis Martínez to second
|
Batting: LHB Francisco Marino
|
0-0: Ball 1-0: Foul Ball, location: 2F 1-1: Swinging Strike 1-2: Foul Ball, location: 2F 1-2: Foul Ball, location: 2F 1-2: Ball 2-2: Strikes out looking
|
Batting: RHB Armando Colón
|
0-0: Called Strike 0-1: Foul Ball, location: 2F 0-2: Ball 1-2: Ground out 3-1 (Groundball, 34S)
|
Top of the 7th over - 0 runs, 1 hit, 0 errors, 2 left on base; Santa Monica 3 - San Jose 6 |
BOTTOM OF THE 7TH |
San Jose Missions batting - Pitching for Santa Monica Bruins : RHP Enrique Aguilera
|
Batting: LHB Alberto Gómez
|
0-0: Ground out 5-3 (Groundball, 56)
|
Batting: RHB Dan Mason
|
0-0: Ground out 5-3 (Groundball, 56)
|
Pitching: RHP Bartolo Romo
|
|
Batting: RHB Jesús Cruz
|
0-0: Ball 1-0: Called Strike 1-1: Swinging Strike 1-2: Hit by Pitch
|
Batting: RHB Jorge Díaz
|
0-0: Ball 1-0: Swinging Strike 1-1: Called Strike 1-2: Ball 2-2: Foul Ball, location: 2F 2-2: Ball Jesús Cruz is caught stealing 2nd base
|
Bottom of the 7th over - 0 runs, 0 hits, 0 errors, 0 left on base; Santa Monica 3 - San Jose 6 |
TOP OF THE 8TH |
Santa Monica Bruins batting - Pitching for San Jose Missions : RHP Francisco Arellano
|
Batting: LHB John White
|
0-0: Called Strike 0-1: Fly out, F9 (Flyball, 89S)
|
Batting: RHB Ernest Russell
|
0-0: Ball 1-0: Ball 2-0: Ball 3-0: Called Strike 3-1: Foul Ball, location: 2F 3-2: Strikes out swinging
|
Batting: RHB Ramón Ramírez
|
0-0: Ball 1-0: Called Strike 1-1: Called Strike 1-2: Strikes out swinging
|
Top of the 8th over - 0 runs, 0 hits, 0 errors, 0 left on base; Santa Monica 3 - San Jose 6 |
BOTTOM OF THE 8TH |
San Jose Missions batting - Pitching for Santa Monica Bruins : RHP Bartolo Romo
|
Batting: RHB Jorge Díaz
|
0-0: Swinging Strike 0-1: Called Strike 0-2: Ball 1-2: Strikes out swinging
|
Batting: SHB Ángel González
|
0-0: Ball 1-0: Swinging Strike 1-1: Foul Ball, location: 2F 1-2: Hit by Pitch
|
Batting: LHB Chris Moore
|
0-0: Swinging Strike 0-1: Called Strike 0-2: Ball 1-2: Strikes out swinging
|
Batting: RHB Jaime Rodríguez
|
0-0: Reached on error, E6 (Groundball, 6S) Ángel González to second
|
Batting: RHB Dave Wookey
|
0-0: SINGLE (Line Drive, 6D) Ángel González to third Jaime Rodríguez to second
|
Pinch Hitting: LHB Frank Geddes
|
0-0: Ball 1-0: Foul Ball, location: 2F 1-1: Foul Ball, location: 2F 1-2: Strikes out swinging
|
Bottom of the 8th over - 0 runs, 1 hit, 1 error, 3 left on base; Santa Monica 3 - San Jose 6 |
TOP OF THE 9TH |
Santa Monica Bruins batting - Pitching for San Jose Missions : RHP Francisco Arellano
|
Pitching: RHP Terry Adams
|
|
Now at 3B: Alberto Ramos
|
|
Batting: LHB Gonzalo Benítez
|
0-0: Ball 1-0: Ball 2-0: Foul Ball, location: 2F 2-1: Foul Ball, location: 2F 2-2: Strikes out swinging
|
Batting: RHB Javier González
|
0-0: Foul Ball, location: 2F 0-1: Ball 1-1: Ball 2-1: Ball 3-1: Base on Balls
|
Batting: RHB Luis Martínez
|
0-0: Ball 1-0: Ball 2-0: Foul Ball, location: 2F 2-1: Called Strike 2-2: Strikes out swinging
|
Batting: RHB Pablo Peña
|
0-0: Ball 1-0: Foul Ball, location: 2F 1-1: Foul Ball, location: 2F 1-2: Ball 2-2: Fly out, F7 (Line Drive, 7)
|
Top of the 9th over - 0 runs, 0 hits, 0 errors, 1 left on base; Santa Monica 3 - San Jose 6 |
|